[Event "FIDE Womens Grand Swiss 2021"]
[Site "Riga"]
[Date "2021.11.07"]
[Round "11.22"]
[White "Lujan, Carolina"]
[Black "Hoang, Thanh Trang"]
[Result "0-1"]
[ECO "C03"]
[WhiteElo "2340"]
[BlackElo "2380"]
[Annotator "NA RC"]
[PlyCount "104"]
[EventDate "2021.10.27"]
[EventType "swiss"]
[EventCountry "LAT"]
[Tiebreak "Cut1 Buchholz+Sonneborn-Berger (Swiss)"]
[SourceTitle "playchess.com"]
[Source "ChessBase"]
[SourceQuality "1"]
[TimeControl "40/6000+30:20/3000+30:900+30"]

1. e4 e6 2. d4 d5 3. Nd2 Be7 4. Ngf3 Nf6 5. e5 Nfd7 6. Bd3 c5 7. c3 b6 8. O-O Ba6 9. Ne1 Qc8 10. Qg4 O-O 11. Ndf3 Kh8 12. h4 Nc6 13. Ng5 Bxd3 14. Nxd3 cxd4 15. cxd4 Qa6 16. Rd1 Qa4 17. Nf4 f5 18. Qh5 Bxg5 19. hxg5 Rfe8 20. g6 Nf8 21. Be3 Kg8 22. gxh7+ Nxh7 23. Kh2 Nf8 24. Rac1 Rec8 25. b3 Qa3 26. Rh1 Ne7 27. Kg3 Qxa2 28. Qg5 Kf7 29. Kf3 Rxc1 30. Rxc1 Qxb3 31. Nh5 Nfg6 32. Nxg7 Kxg7 33. Qf6+ Kg8 34. Qxe6+ Kf8 35. g3 Qd3 36. Qf6+ Ke8 37. Rc7 f4 38. gxf4 Qf5 39. Ke2 Qxf6 40. exf6 Kd8 41. Rc1 Nf5 42. Rg1 Nf8 43. Rg5 Nd6 44. Bc1 Kd7 45. Ba3 Ne6 46. Re5 Nc4 47. Rxd5+ Kc6 48. Re5 Nxd4+ 49. Kd3 Nxe5+ 50. fxe5 Kd5 51. f7 Ne6 52. Bd6 Rf8 0-1

[Event "FIDE Womens Grand Swiss 2021"]
[Site "Riga"]
[Date "2021.11.07"]
[Round "11.23"]
[White "Eizaguerri Floris, Maria"]
[Black "Maltsevskaya, Aleksandra"]
[Result "0-1"]
[ECO "E60"]
[WhiteElo "2328"]
[BlackElo "2411"]
[Annotator "RC"]
[PlyCount "154"]
[EventDate "2021.10.27"]
[EventType "swiss"]
[EventCountry "LAT"]
[Tiebreak "Cut1 Buchholz+Sonneborn-Berger (Swiss)"]
[SourceTitle "playchess.com"]
[Source "ChessBase"]
[SourceQuality "1"]
[TimeControl "40/6000+30:20/3000+30:900+30"]

1. d4 Nf6 2. Nf3 g6 3. g3 c5 4. c4 Qa5+ 5. Nc3 Bg7 6. Bg2 Ne4 7. Qd3 cxd4 8. Nxd4 Nc5 9. Qd1 Nc6 10. Be3 Na4 11. Qxa4 Qxa4 12. Nxa4 Nxd4 13. Rc1 O-O 14. Nc3 Rb8 15. O-O b6 16. Rfd1 Ne6 17. b3 Re8 18. h4 d6 19. Bc6 Rd8 20. Nb5 a6 21. Nc3 Bxc3 22. Rxc3 Bb7 23. Bd5 Nc5 24. b4 Na4 25. Rc2 Rdc8 26. Rdc1 Kf8 27. Kf1 e6 28. Bg2 Bxg2+ 29. Kxg2 Rb7 30. c5 bxc5 31. bxc5 Rbc7 32. c6 Ke8 33. Rc4 Nc5 34. Bf4 Ke7 35. Bxd6+ Kxd6 36. Rxc5 Rxc6 37. Rxc6+ Rxc6 38. Rd1+ Kc7 39. Rd3 Rc5 40. Ra3 a5 41. Kf3 Kc6 42. Ke3 h6 43. Kd3 Rd5+ 44. Kc2 Rf5 45. f3 g5 46. hxg5 hxg5 47. e4 Re5 48. Ra4 Rc5+ 49. Kb3 g4 50. f4 Rb5+ 51. Kc3 Rh5 52. Rc4+ Kb6 53. Kb3 Rh2 54. Rc3 Rf2 55. a3 Rf3 56. Kc4 Rf2 57. Rb3+ Kc6 58.
Rc3 f6 59. Rb3 e5 60. fxe5 fxe5 61. Rc3 Rd2 62. Kb3+ Kb5 63. Rc1 a4+ 64. Kc3 Ra2 65. Rb1+ Kc5 66. Rd1 Rxa3+ 67. Kb2 Rxg3 68. Rd5+ Kc4 69. Rxe5 Kd4 70. Re8 Re3 71. Ra8 Rxe4 72. Rxa4+ Ke3 73. Ra8 g3 74. Rg8 Kf3 75. Kc2 g2 76. Rf8+ Kg3 77. Kd3 Rg4 0-1

[Event "FIDE Womens Grand Swiss 2021"]
[Site "Riga"]
[Date "2021.11.07"]
[Round "11.24"]
[White "February, Jesse Nikki"]
[Black "Bivol, Alina"]
[Result "1/2-1/2"]
[ECO "B15"]
[WhiteElo "1857"]
[BlackElo "2392"]
[Annotator "RC"]
[PlyCount "191"]
[EventDate "2021.10.27"]
[EventType "swiss"]
[EventCountry "LAT"]
[Tiebreak "Cut1 Buchholz+Sonneborn-Berger (Swiss)"]
[SourceTitle "playchess.com"]
[Source "ChessBase"]
[SourceQuality "1"]
[TimeControl "40/6000+30:20/3000+30:900+30"]

1. e4 c6 2. d4 d5 3. Nc3 dxe4 4. Nxe4 Nf6 5. Nxf6+ exf6 6. Be3 Bd6 7. Bd3 Nd7 8. Qd2 O-O 9. Ne2 Re8 10. O-O-O Nf8 11. Ng3 a5 12. Nf5 Bxf5 13. Bxf5 a4 14. g4 Qc7 15. h4 c5 16. dxc5 Bxc5 17. Bxc5 Qxc5 18. a3 b5 19. Rhe1 Rxe1 20. Rxe1 g6 21. Be4 Rc8 22. Re3 Qc4 23.
Qd3 Qa2 24. Qxb5 Qa1+ 25. Kd2 Qg1 26. Qe2 Ne6 27. Rg3 Qb1 28.
Qb5 Kg7 29. g5 fxg5 30. Qe5+ Kg8 31. hxg5 Nc5 32. Rc3 Qg1 33. Ke2 Qg4+ 34. Bf3 Qd7 35. Kf1 Ne6 36. Rxc8+ Qxc8 37. Bd5 Ng7 38. Qe7 Qh3+ 39. Ke1 Ne6 40. Bxe6 fxe6 41. Qd8+ Kf7 42. Qc7+ Kg8 43. Qe5 Qg4 44. Kd2 Qc4 45. f4 Kf7 46. Qf6+ Kg8 47. c3 Qc6 48. Qe5 Qg2+ 49. Kd3 Qc6 50. Kd4 Qb6+ 51. Kc4 Kf7 52. Qf6+ Kg8 53. Qd4 Qb3+ 54. Kc5 Qxb2 55. Qd8+ Kf7 56. Qf6+ Kg8 57. Qxe6+ Kf8 58. Qf6+ Kg8 59. Qd8+ Kf7 60. Qd7+ Kf8 61. Qxa4 Qxc3+ 62. Kb5 Qd3+ 63. Kc5 Qe3+ 64. Kd5 Qd3+ 65. Qd4 Qf5+ 66. Kd6 Qb1 67. Qh8+ Kf7 68. Qxh7+ Kf8 69. Qh8+ Kf7 70. Qh7+ Kf8 71. Qe7+ Kg8 72. Qe6+ Kh7 73. Ke7 Kg7 74. Qf6+ Kg8 75. Qf7+ Kh8 76. Qd5 Qc1 77. Qe5+ Kh7 78. Kf6 Qc6+ 79. Qe6 Qc3+ 80. Kf7 Qc7+ 81. Ke8 Qb8+ 82. Ke7 Qc7+ 83. Qd7 Qxf4 84. Ke6+ Kg8 85. Qd8+ Kh7 86. Qe7+ Kg8 87. Qe8+ Kg7 88. Qe7+ Kg8 89. Kd7 Qa4+ 90. Ke6 Qe4+ 91. Kd6 Qd4+ 92. Kc6 Qa4+ 93. Kb6 Qb3+ 94. Qb4 Qe6+ 95. Kb5 Qd7+ 96. Ka6 1/2-1/2

[Event "FIDE Womens Grand Swiss 2021"]
[Site "Riga"]
[Date "2021.11.07"]
[Round "11.25"]
[White "Arakhamia-Grant, Ketevan"]
[Black "Golsta, Madara"]
[Result "1-0"]
[ECO "B23"]
[WhiteElo "2376"]
[BlackElo "2003"]
[Annotator "RC"]
[PlyCount "145"]
[EventDate "2021.10.27"]
[EventType "swiss"]
[EventCountry "LAT"]
[Tiebreak "Cut1 Buchholz+Sonneborn-Berger (Swiss)"]
[SourceTitle "playchess.com"]
[Source "ChessBase"]
[SourceQuality "1"]
[TimeControl "40/6000+30:20/3000+30:900+30"]

1. e4 c5 2. Nc3 d6 3. f4 Nc6 4. Nf3 g6 5. Bb5 Bg7 6. O-O Bd7 7. d3 a6 8. Bxc6 Bxc6 9. Qe1 b5 10. f5 Nf6 11. Qh4 Qc7 12. a4 b4 13. Ne2 O-O-O 14. c3 gxf5 15. exf5 Qb7 16. cxb4 cxb4 17. Be3 Rhg8 18. Ned4 Bd5 19. a5 h5 20. h3 Ng4 21. hxg4 Bxd4 22. Bxd4 Rxg4 23. Qh3 Rdg8 24. Rac1+ Kb8 25. Kh2 Bxf3 26. Rxf3 Rxd4 27. Rg3 Rxg3 28. Qxg3 Rg4 29. Qf2 Qb5 30. Re1 Qb7 31. Re3 Qc7 32. Qe1 Qxa5 33. Rxe7 Qxf5 34. Re8+ Kc7 35. Qc1+ Qc5 36. Qe1 Qc6 37. Qe7+ Kb6 38. Qd8+ Kb5 39. Re2 b3 40. Qb8+ Ka4 41. Qa7 Qb5 42. Qxf7 Rh4+ 43. Kg1 Qxd3 44. Qd7+ Qb5 45. Qe7 Qc5+ 46. Re3 Rc4 47. Kh2 h4 48. Re1 d5 49. Ra1+ Kb4 50. Qe1+ Kb5 51. Ra5+ Kb6 52. Rxc5 Kxc5 53. Qe3+ d4 54. Qxb3 Rb4 55. Qc2+ Kd5 56. b3 Rb5 57. Qf5+ Kd6 58. Qf6+ Kc5 59. Qe5+ Kb4 60. Qxd4+ Kxb3 61. Qxh4 a5 62. Qg3+ Kb4 63. Qf4+ Ka3 64. Qd6+ Rb4 65. g4 a4 66. g5 Kb3 67. Qd1+ Kb2 68. Qd2+ Kb3 69. g6 Ka3 70. Qc3+ Rb3 71. Qc5+ Kb2 72. g7 a3 73. g8=Q 1-0